 Dungeon Crawl Stone Soup version 0.30-a0-279-g4b46babb21 (webtiles) character file.

Game seed: 13379903210961345922

1434 koil the Covert (level 8, 0/40 HPs)
             Began as a Spriggan Enchanter on Oct 17, 2022.
             Killed by divine providence
             ... invoked by an orc priest
              (15 damage)
             ... on level 6 of the Dungeon.
             The game lasted 00:12:14 (4318 turns).

koil the Covert (Spriggan Enchanter)                Turns: 4318, Time: 00:12:17

Health: 0/40       AC:  2    Str:  4    XL:     8   Next: 45%
Magic:  14/17      EV: 20    Int: 16    God:
Gold:   309        SH:  5    Dex: 18    Spells: 13/18 levels left

rFire   . . .      SeeInvis +    a - +1 dagger
rCold   . . .      Faith    .    (no shield)
rNeg    . . .      Spirit   .    u - +0 robe
rPois   .          Reflect  +    (helmet restricted)
rElec   .          Harm     .    (no cloak)
rCorr   .          Rampage  +    (gloves unavailable)
Will    +....                    (boots unavailable)
Stlth   ++++......               s - amulet "Biuxzus" {Reflect Rampage Regen+ SH+5}
HPRegen 1.06/turn                (no ring)
MPRegen 0.15/turn                (no ring)

@: very quick
A: very small, no large weapons, unfitting armour, see invisible, speed 3
a: no special abilities


You were on level 6 of the Dungeon.
You visited 1 branch of the dungeon, and saw 6 of its levels.

You collected 309 gold pieces.

Inventory:

Hand Weapons
 a - a +1 dagger (weapon)
 z - a +0 vampiric spear
Missiles
 l - 7 poisoned darts (quivered)
 p - 3 silver boomerangs
Armour
 b - a +0 robe
 u - a +0 robe (worn)
Jewellery
 s - the amulet "Biuxzus" (around neck) {Reflect Rampage Regen+ SH+5}
   (You found it on level 4 of the Dungeon)

   [amulet of reflection]

   It reflects blocked missile attacks.
   Regen:     It increases your rate of health regeneration.
   SH:        It affects your SH (+5).
   Rampage:   It bestows one free step when moving towards enemies.
Scrolls
 d - 2 scrolls of teleportation {unknown}
 f - a scroll of poison {unknown}
 g - 4 scrolls of identify {unknown}
 i - a scroll of butterflies {unknown}
 j - a scroll of blinking {unknown}
 n - a scroll of vulnerability {unknown}
 o - 2 scrolls of fear {unknown}
 w - a scroll of silence {unknown}
 y - a scroll of enchant armour {unknown}
Potions
 c - 2 potions of invisibility
 e - a potion of flight {unknown}
 h - 4 potions of curing {unknown}
 k - a potion of berserk rage {unknown}
 m - a potion of degeneration {unknown}
 q - a potion of attraction {unknown}
 r - a potion of might {unknown}
 t - a potion of brilliance {unknown}
 v - a potion of mutation {unknown}
 x - a potion of magic {unknown}


   Skills:
 + Level 3.1 Fighting
 + Level 4.6 Short Blades
 + Level 6.1 Dodging
 + Level 8.0 Stealth
 + Level 5.9 Spellcasting
 + Level 6.2 Hexes


You had 13 spell levels left.
You knew the following spells:

 Your Spells              Type           Power      Damage    Failure   Level
a - Ensorcelled Hibernat  Hex/Ice        28%        N/A       6%          2
b - Confusing Touch       Hex            24%        N/A       3%          3

Your spell library contained the following spells:

 Spells                   Type           Power      Damage    Failure   Level
 Tukima's Dance           Hex            24%        N/A       3%          3
 Dazzling Flash           Conj/Hex       28%        N/A       12%         3


Dungeon Overview and Level Annotations

Branches:
Dungeon (6/15)
 Temple: D:4-7

Altars:
Hepliaklqana

Shops:
D:1 :


Innate Abilities, Weirdness & Mutations

You are very small and have problems with some larger weapons.
You are too small for most types of armour.
You have supernaturally acute eyesight. (SInv)
You cover ground extremely quickly. (Speed+++)


Message History

The orc wizard is lightly wounded.
The orc wizard misses you.
You hit the orc wizard but do no damage.
The orc wizard is lightly wounded.
The orc wizard gestures at you while chanting.
You are confused.
You bump into the rock wall.
You bump into the rock wall.
The orc wizard hits you with a +0 dagger.
You barely miss the orc wizard.
The orc wizard is lightly wounded.
The orc wizard hits you but does no damage.
You bump into the rock wall.
The orc wizard casts a spell at you. The puff of flame hits you!
You bump into the rock wall.
The orc wizard completely misses you.
You hit the orc wizard.
The orc wizard is moderately wounded.
The orc wizard hits you with a +0 dagger.
You bump into the rock wall.
You feel less confused. The orc wizard casts a spell at you.
The magic dart hits you!
You miss the orc wizard.
The orc wizard is moderately wounded.
You block the orc wizard's attack.
You hit the orc wizard but do no damage.
The orc wizard is moderately wounded.
You hit the orc wizard but do no damage.
The orc wizard is moderately wounded.
The orc wizard barely misses you.
The orc priest calls down the wrath of Beogh upon you.
Beogh smites you!
You hit the orc wizard but do no damage.
The orc wizard is moderately wounded.
The orc wizard casts a spell at you. You resist with almost no effort.
The orc priest calls down the wrath of Beogh upon you.
Beogh smites you!
You die...

#.#...#
#.##.### #
#....##
#..#..##+###
#..##.......
#..##o......
#...#o.?....
#..###o# #+#
#.. #@# #..
### ..# #.#
..


You could see an orc priest, an orc wizard and an orc.

Vanquished Creatures
  A water moccasin (D:5)
  A sky beast (D:6)
  A black bear (D:5)
  An orc warrior (D:6)
  2 ogres
  A centaur (D:5)
  A necrophage (D:5)
  4 scorpions
  A gnoll sergeant (D:6)
  An orc priest (D:5)
  2 hounds (D:5)
  4 iguanas
  An orc wizard (D:5)
  8 gnolls
  6 adders
  A shadow imp (D:6)
  A white imp (D:6)
  2 dart slugs
  15 orcs
  9 bats
  5 endoplasms
  3 giant cockroaches
  4 goblins
  6 hobgoblins
  2 quokkas
  7 ball pythons
  6 frilled lizards
  4 kobolds
  8 rats
108 creatures vanquished.

Notes
Turn   | Place    | Note
-------+----------+-------------------------------------------
     0 | D:1      | koil the Spriggan Enchanter began the quest for the Orb.
     0 | D:1      | Reached XP level 1. HP: 9/9 MP: 5/5
   135 | D:1      | Reached XP level 2. HP: 13/13 MP: 6/6
   138 | D:1      | Learned a level 2 spell: Ensorcelled Hibernation
   148 | D:1      | Found Vuto's Vocational Training.
   515 | D:1      | Reached XP level 3. HP: 17/17 MP: 8/8
   519 | D:1      | Learned a level 3 spell: Confusing Touch
  1187 | D:2      | Reached skill level 5 in Stealth
  1311 | D:2      | Reached skill level 1 in Fighting
  1311 | D:2      | Reached XP level 4. HP: 22/22 MP: 0/10
  2854 | D:4      | Reached XP level 5. HP: 25/25 MP: 8/11
  2921 | D:4      | Identified the amulet "Biuxzus" {Reflect Rampage Regen+
                  | SH+5}
  2930 | D:4      | You fall into a shaft and drop 1 floor!
  2930 | D:5      | Entered Level 5 of the Dungeon
  3010 | D:5      | Reached XP level 6. HP: 21/30 MP: 3/13
  3155 | D:5      | Reached skill level 6 in Stealth
  3182 | D:5      | Reached skill level 5 in Hexes
  3258 | D:5      | Noticed a water moccasin
  3264 | D:5      | Killed a water moccasin
  3265 | D:5      | Reached XP level 7. HP: 35/35 MP: 13/15
  3385 | D:5      | Reached skill level 5 in Dodging
  3385 | D:5      | Reached skill level 5 in Spellcasting
  3542 | D:5      | Found a hazy altar of Hepliaklqana.
  3590 | D:5      | Reached skill level 7 in Stealth
  3967 | D:6      | Reached XP level 8. HP: 33/39 MP: 7/17
  4297 | D:6      | Reached skill level 8 in Stealth
  4318 | D:6      | Killed from afar by an orc priest

Illustrated notes

Levels and vault maps discovered:
D:1:      minmay_arrival_five_plusses, layout_loops_ring,
          nicolae_shop_vocational
D:2:      wad_river_or_something, layout_basic
D:3:      layout_rooms, serial_aquarium, aquarium_bridge_island_small
          [aquarium_subvault_small_water, aquarium_subvault_bridge,
          aquarium_subvault_bridge, aquarium_subvault_bridge,
          aquarium_subvault_bridge], aquarium_window_2, aquarium_window_fake,
          aquarium_view_2b, aquarium_view_2b, aquarium_pool_corner
D:4:      layout_basic, mainiacjoe_overflow_concentric_impassable,
          nicolae_tso_carved_into_rock
D:5:      layout_gridville, lemuel_round_altar
D:6:      kennysheep_six_static_rooms, layout_loops_ring,
          grunt_temple_overflow_open

Skill      XL: |  1  2  3  4  5  6  7  8 |
---------------+-------------------------+-----
Spellcasting   | 3 4 5 |  5.9
Dodging        | 3 4 5 6 |  6.1
Hexes          | 4 5 6 |  6.2
Stealth        | 5 6 7 8 |  8.0
Fighting       | 1 2 3 |  3.1
Short Blades   | 2 3 4 |  4.6

Action                   |  1- 3 |  4- 6 |  7- 9 || total
-------------------------+-------+-------+-------++-------
Melee: Dagger            |   133 |   151 |    68 ||   352
       Punch             |       |     5 |     1 ||     6
 Cast: Ensorcelled Hiber |    15 |    20 |    30 ||    65
       Confusing Touch   |       |       |     1 ||     1
 Stab: Sleeping          |    15 |    22 |    22 ||    59
       Confused          |       |       |     1 ||     1
Armor: Robe              |    12 |     2 |     5 ||    19
Dodge: Dodged            |   110 |    98 |    38 ||   246
Block: Other             |       |     9 |     7 ||    16

Table legend: (Time is in decaauts)
 A = Elapsed time spent in this place.
 B = Non-inter-level travel time spent in this place.
 C = Inter-level travel time spent in this place.
 D = Time resting spent in this place.
 E = Time spent auto-exploring this place.
 F = Levels seen in this place.
 G = Mean time per level.
                   A        B        C        D        E       F      G
               +--------+--------+--------+--------+--------+-----+--------+
         Total |   3188 |   3137 |     51 |    239 |   2125 |   6 |  531.3 |
       Dungeon |   3188 |   3137 |     51 |    239 |   2125 |   6 |  531.3 |
               +--------+--------+--------+--------+--------+-----+--------+

Top non-repeatable levels by time:
     D:2: 730 daAuts
     D:5: 584 daAuts
     D:3: 569 daAuts
     D:1: 568 daAuts
     D:6: 508 daAuts
     D:4: 227 daAuts
